 Dungeon Crawl Stone Soup version 0.30-a0-1160-g6e42c06551 (webtiles) character file.

Game seed: 14994181822293893364

14203 iamoutofideas the Severer (level 12, -3/166 HPs)
             Began as a Hill Orc Berserker on Apr 27, 2023.
             Was a Priest of Trog.
             Slain by a skeletal warrior
             ... wielding a +0 long sword
              (9 damage)
             ... on level 12 of the Dungeon.
             The game lasted 00:13:07 (9989 turns).

iamoutofideas the Severer (Hill Orc Berserker)      Turns: 9989, Time: 00:13:08

Health: -3/166     AC: 26    Str: 27    XL:     12   Next: 14%
Magic:  3/3        EV:  2    Int:  7    God:    Trog [***...]
Gold:   637        SH: 10    Dex: 10    Spells: 11/11 levels left

rFire   x . .        C - +4 hand axe "Himoetank" {flame, Fly Str+2}
rCold   + . .        d - +0 buckler
rNeg    . . .        V - melded +1 plate armour {Will+}
rPois   +            O - melded +1 helmet
rElec   +            T - melded +0 cloak
rCorr   .            Q - melded +2 pair of gloves
SInv    .            (boots currently unavailable)
Will    ++...        k - amulet of reflection
Stlth   +            m - +4 ring of slaying
HPRegen 1.47/turn    D - ring of Kuihomn {Ice rElec rPois MP-9}
MPRegen 0.08/turn

%: reflection
@: mighty, tree-form (expiring), strong-willed, on berserk cooldown,
regenerating, slowed, very slow
A: stationary, stasis, torment immunity, boosted hp
a: Renounce Religion, Berserk, Trog's Hand


You were on level 12 of the Dungeon.
You worshipped Trog.
Trog was most pleased with you.
You were a tree.
You visited 3 branches of the dungeon, and saw 14 of its levels.

You collected 637 gold pieces.

Inventory:

Hand Weapons
 z - a +1 heavy war axe
 C - the +4 hand axe "Himoetank" (weapon) {flame, Fly Str+2}
   (You found it on level 4 of the Dungeon)

   Str:       It affects your strength (+2).
   Fly:       It grants you flight.
Armour
 d - a +0 buckler (worn)
 H - a +0 kite shield
 O - a +1 helmet (melded)
 Q - a +2 pair of gloves (melded)
 T - a +0 cloak (melded)
 V - a +1 plate armour of willpower (melded)
Jewellery
 k - an amulet of reflection (around neck)
 m - a +4 ring of slaying (left branch)
 r - a ring of poison resistance
 y - a ring of resist corrosion
 D - the ring of Kuihomn (right branch) {Ice rElec rPois MP-9}
   (You found it on level 5 of the Dungeon)

   [ring of ice]

   It enhances your ice magic.
   rF:        It makes you vulnerable to fire.
   rC:        It protects you from cold.
   rElec:     It insulates you from electricity.
   rPois:     It protects you from poison.
   MP:        It affects your magic capacity (-9).
Wands
 h - a wand of polymorph (6)
 n - a wand of light (3)
 B - a wand of flame (26)
 E - a wand of paralysis (16)
 M - a wand of mindburst (12)
Scrolls
 g - a scroll of magic mapping
 j - a scroll of brand weapon
 l - 9 scrolls of teleportation
 o - a scroll of enchant armour
 p - a scroll of fog
 s - 3 scrolls of butterflies
 A - 5 scrolls of immolation
 G - a scroll of blinking
Potions
 b - 2 potions of lignification
 e - 2 potions of berserk rage
 i - 2 potions of might
 t - a potion of resistance
 v - 2 potions of mutation
 F - 4 potions of attraction
 J - a potion of brilliance
 N - a potion of flight
Miscellaneous
 u - a lightning rod (3/4)


   Skills:
 + Level 11.6 Fighting
 * Level 16.3 Axes
 + Level 9.4 Armour
 + Level 2.6 Dodging
 + Level 8.4 Shields


You had 11 spell levels left.
You didn't know any spells.
Your spell library contained the following spells:

 Spells                   Type           Power      Damage    Failure   Level
 Beastly Appendage        Tmut           0%         N/A       45%         1
 Ensorcelled Hibernation  Hex/Ice        0%         N/A       61%         2
 Passwall                 Tmut/Erth      0%         N/A       61%         2
 Wereblood                Tmut           0%         N/A       61%         2
 Spider Form              Tmut/Pois      0%         N/A       83%         3
 Swiftness                Air            0%         N/A       83%         3
 Volatile Blastmotes      Fire/Tloc      0%         2d10      83%         3
 Fulminant Prism          Conj/Hex       0%         3d5       99%         4
 Iskenderun's Mystic Bla  Conj/Tloc      0%         2d3       99%         4
 Olgreb's Toxic Radiance  Pois           0%         N/A       99%         4
 Petrify                  Tmut/Erth      0%         N/A       99%         4
 Lee's Rapid Deconstruct  Erth           0%         3d4*      100%        5
 Metabolic Englaciation   Hex/Ice        0%         N/A       100%        5
 Statue Form              Tmut/Erth      0%         N/A       100%        6
 Discord                  Hex            0%         N/A       100%        8
 Ignition                 Fire           0%         3d3       100%        8


Dungeon Overview and Level Annotations

Branches:
Dungeon (12/15)            Temple (1/1) D:6            Lair (1/5) D:10
    Orc (0/2) D:11

Altars:
Ashenzari
Cheibriados
Dithmenos
Elyvilon
Fedhas
Gozag
Hepliaklqana
Kikubaaqudgha
Makhleb
Nemelex Xobeh
Okawaru
Qazlal
Ru
Sif Muna
Trog
Uskayaw
Vehumet
Wu Jian
Xom
Yredelemnul
Zin
The Shining One

Shops:
D:3 =   D:5 :   D:10 (


Message History

* * * LOW HITPOINT WARNING * * *
Unknown command.
Okay, then.
Your skin crawls.
You feel strong-willed.
Your transformation is almost over.
The skeletal warrior hits you with a +0 long sword!
* * * LOW HITPOINT WARNING * * *
The skeletal warrior hits you but does no damage.
Okay, then.
Okay, then.
Aiming: Thunderbolt
Press: ? - help, Shift-Dir - straight line, f - you
Okay, then.
Press: ? - help, v - describe, . - travel
Here: a skeletal warrior, wielding a +0 dire flail (severely damaged)
An open door, spattered with blood.
Okay, then.
Okay, then.
Okay, then.
Okay, then.
Aiming: Paralyse
Press: ? - help, Shift-Dir - straight line, f - skeletal warrior
Aim: a skeletal warrior, wielding a +0 dire flail (severely damaged, chance to affect: 1%)
Okay, then.
Aiming: Mindburst
Press: ? - help, Shift-Dir - straight line, f - skeletal warrior
Aim: a skeletal warrior, wielding a +0 long sword (heavily damaged, chance to affect: 6%)
Okay, then.
Unknown command.
There are monsters nearby!
Aiming: Thunderbolt
Press: ? - help, Shift-Dir - straight line, f - skeletal warrior
Aim: a skeletal warrior, wielding a +0 dire flail (severely damaged)
The thunderbolt hits the skeletal warrior!
The skeletal warrior is severely damaged.
You hear a shout!
The skeletal warrior hits you but does no damage.
You block the skeletal warrior's attack.
The skeletal warrior hits you with a +0 long sword!
You die...

##+# ##...##
##.....## # ##..#
##......)## .##
#...#
#........)####...##
.....
+........♣z†))....#
...#
#........z###....##
..# #.[...(.##
....# #.# ##....^##
..#.#
###.#####.......#
..# #
#.......#>##+##<#
...
#.#.###.#.##.##.#
#.## #
#.###.#.##.##.# .#
#.##.......##.#


You could see 2 skeletal warriors.

Vanquished Creatures
  A boulder beetle (D:12)
  A centaur warrior (D:11)
  A two-headed ogre (D:11)
  Amaemon (D:9)
  3 skeletal warriors (D:12)
  Pikel (D:9)
  A manticore (D:11)
  A cyclops (D:11)
  Maurice (D:9)
  An orange demon (D:9)
  3 unseen horrors
  2 gargoyles
  2 trolls
  3 hornets
  2 shadows
  A wraith (D:9)
  A wyvern (D:8)
  Eustachio (D:5)
  6 yaks (D:10)
  4 steam dragons
  3 vampire mosquitoes (D:11)
  2 acid dragons
  A water moccasin (D:7)
  4 orc warriors
  A black bear (D:5)
  An ice beast (D:7)
  11 centaurs
  3 lemures (D:9)
  A phantom (D:7)
  2 bullfrogs (D:7)
  2 scorpions (D:6)
  A gnoll sergeant (D:12)
  7 wights (D:9)
  3 killer bees (D:8)
  5 howler monkeys
  2 hounds
  A gnoll bouda (D:9)
  An orc priest (D:8)
  2 sleepcaps
  2 iguanas
  Ijyb (D:4)
  6 orc wizards
  14 gnolls
  14 adders
  A white imp (D:8)
  An ufetubus (D:4)
  2 worms
  6 dart slugs
  19 orcs
  8 endoplasms
  A giant cockroach (D:2)
  9 goblins
  7 hobgoblins
  5 jackals (D:1)
  10 kobolds
  2 quokkas
  6 ball pythons
  5 bats
  5 frilled lizards
  7 rats
221 creatures vanquished.

Vanquished Creatures (others)
  An endoplasm (D:4)
  4 plants (D:5)
5 creatures vanquished.

Grand Total: 226 creatures vanquished

Notes
Turn   | Place    | Note
-------+----------+-------------------------------------------
     0 | D:1      | iamoutofideas the Hill Orc Berserker began the quest for
                  | the Orb.
     0 | D:1      | Reached XP level 1. HP: 19/19 MP: 1/1
   159 | D:1      | Reached XP level 2. HP: 21/27 MP: 2/2
   379 | D:1      | Found a faded altar of an unknown god.
   428 | D:1      | Reached XP level 3. HP: 33/33 MP: 3/3
   460 | D:1      | Reached ** piety under Trog
   461 | D:1      | Reached skill level 5 in Axes
   656 | D:2      | Found a snail-covered altar of Cheibriados.
   818 | D:2      | Reached XP level 4. HP: 41/41 MP: 4/4
  1367 | D:3      | Found a glowing golden altar of the Shining One.
  1377 | D:3      | Reached skill level 5 in Fighting
  1462 | D:3      | Found a basalt altar of Yredelemnul.
  1589 | D:3      | Reached skill level 6 in Axes
  1589 | D:3      | Reached XP level 5. HP: 45/48 MP: 5/5
  1894 | D:3      | Found Dixtuako's Jewellery Shoppe.
  2099 | D:4      | Noticed Ijyb
  2113 | D:4      | Killed Ijyb
  2592 | D:4      | Reached XP level 6. HP: 57/57 MP: 6/6
  2682 | D:4      | Reached *** piety under Trog
  2706 | D:4      | Found a white marble altar of Elyvilon.
  2860 | D:4      | Found a blossoming altar of Fedhas.
  2860 | D:4      | Found a faded altar of an unknown god.
  2868 | D:4      | Found a broken altar of Ashenzari.
  2870 | D:4      | Found a faded altar of an unknown god.
  2872 | D:4      | Found a shimmering altar of Xom.
  2874 | D:4      | Identified the +4 hand axe "Himoetank" {flame, Fly Str+2}
  3243 | D:5      | Entered Level 5 of the Dungeon
  3274 | D:5      | Reached skill level 1 in Shields
  3297 | D:5      | Identified the ring of Kuihomn {Ice rElec rPois MP-9}
  3411 | D:5      | Noticed a black bear
  3418 | D:5      | Killed a black bear
  3419 | D:5      | Reached skill level 7 in Axes
  3440 | D:5      | Noticed Eustachio
  3456 | D:5      | Killed Eustachio
  3457 | D:5      | Reached XP level 7. HP: 43/64 MP: 0/7
  3647 | D:5      | Found Sapen's Book Boutique.
  3958 | D:6      | Reached skill level 8 in Axes
  4057 | D:6      | Reached XP level 8. HP: 73/73 MP: 0/8
  4206 | D:6      | Found a staircase to the Ecumenical Temple.
  4426 | Temple   | Entered the Ecumenical Temple
  4529 | D:7      | Reached skill level 9 in Axes
  4832 | D:7      | Reached skill level 10 in Axes
  5305 | D:8      | Reached XP level 9. HP: 82/82 MP: 0/9
  5486 | D:8      | Reached skill level 11 in Axes
  6015 | D:8      | Found an iron altar of Okawaru.
  6143 | D:9      | Reached skill level 12 in Axes
  6244 | D:9      | Noticed Maurice
  6257 | D:9      | Killed Maurice
  6258 | D:9      | Reached skill level 5 in Armour
  6258 | D:9      | Reached skill level 5 in Shields
  6258 | D:9      | Reached XP level 10. HP: 91/91 MP: 1/10
  6332 | D:9      | Reached skill level 13 in Axes
  6495 | D:9      | Reached **** piety under Trog
  6667 | D:9      | Noticed Amaemon
  6667 | D:9      | Noticed an orange demon
  6679 | D:9      | Killed Amaemon
  6684 | D:9      | Killed an orange demon
  6685 | D:9      | Reached skill level 14 in Axes
  6744 | D:9      | Noticed Pikel
  6752 | D:9      | Killed Pikel
  6753 | D:9      | Reached skill level 10 in Fighting
  7042 | D:10     | Entered Level 10 of the Dungeon
  7252 | D:10     | Found Jesutul's Weapon Shoppe.
  7344 | D:10     | Found an ornate altar of the Wu Jian Council.
  7562 | D:10     | Noticed a gargoyle
  7575 | D:10     | Killed a gargoyle
  7576 | D:10     | Reached XP level 11. HP: 101/101 MP: 2/11
  7607 | D:10     | Reached skill level 15 in Axes
  7686 | D:10     | Found a staircase to the Lair.
  8442 | D:11     | Noticed a centaur warrior
  8444 | D:11     | Paralysed by a hornet for 1 turns
  8484 | D:11     | Killed a centaur warrior
  8569 | D:11     | Noticed a manticore
  8578 | D:11     | Killed a manticore
  8655 | D:11     | Noticed a cyclops
  8674 | D:11     | Killed a cyclops
  9034 | D:11     | Found a staircase to the Orcish Mines.
  9040 | D:11     | Noticed a two-headed ogre
  9045 | D:11     | Killed a two-headed ogre
  9646 | Lair:1   | Entered Level 1 of the Lair of Beasts
  9812 | D:12     | Reached skill level 16 in Axes
  9929 | D:12     | Noticed a boulder beetle
  9929 | D:12     | Noticed a skeletal warrior
  9929 | D:12     | Noticed a skeletal warrior
  9930 | D:12     | Noticed a skeletal warrior
  9939 | D:12     | Noticed a skeletal warrior
  9940 | D:12     | Noticed a skeletal warrior
  9946 | D:12     | Killed a skeletal warrior
  9954 | D:12     | Killed a boulder beetle
  9955 | D:12     | Reached XP level 12. HP: 110/110 MP: 3/12
  9988 | D:12     | HP: 3/166 [skeletal warrior/+0 long sword (17)]
  9989 | D:12     | Slain by a skeletal warrior

Illustrated notes

Levels and vault maps discovered:
D:1:      nicolae_arrival_memento_mori, layout_rooms, basic_ecumenical_altar
D:2:      layout_basic, basic_altar
D:3:      layout_rooms, tso_metal_star, nicolae_overflow_crystal_walls,
          serial_shops, nicolae_shop_behind_doors, dreamdust_wishing_well,
          grunt_ministairs_13, kennysheep_crisscross
D:4:      layout_basic, chequers_temple_overflow_minitemple,
          nicolae_elyvilon_temple_path, uniq_ijyb
D:5:      layout_basic, serial_shops, nicolae_square_shop, st_stairs_11,
          serial_bayou_crossing, uniq_eustachio
D:6:      layout_cave_pools, minmay_temple_entry_statues_pillars, serial_park,
          serial_park_tiny_1, serial_park_square2, serial_park_tiny_pond,
          serial_park_tiny_2
D:7:      layout_basic
D:8:      layout_loops_cross, kennysheep_okawaru_gauntlet
D:9:      layout_gridville, minmay_misc_feat_pillars, uniq_pikel, uniq_amaemon,
          uniq_maurice
D:10:     layout_long_grid, nzn_wu_jian_contemplation, lair_entry_dummy,
          serial_shops, shop
D:11:     layout_loops_corners, orc_0_dummy, serial_park_tiny_1,
          hangedman_abyss_or_decor_lesser_grid
D:12:     layout_loops_corners, uniq_jorgrun, uniq_snorg, uniq_erolcha,
          uniq_kirke
Temple:   nicolae_temple_ecumenical_triangle
Lair:1:   layout_cave_pods, st_stairs_5, serial_bayou_ford_a, minivault_19,
          serial_bayou_shore_b

Skill      XL: |  1  2  3  4  5  6  7  8  9 10 11 |
---------------+----------------------------------+-----
Fighting       | 4 5 6 7 8 9 10 11 | 11.6
Axes           | 5 6 7 8 10 12 14 16 | 16.3
Shields        | 2 4 5 6 8 |  8.4
Armour         | 3 5 6 9 |  9.4
Dodging        | 2 |  2.6

Action                     |  1- 3 |  4- 6 |  7- 9 | 10-12 || total
---------------------------+-------+-------+-------+-------++-------
  Melee: Hand axe          |   111 |   107 |   154 |   260 ||   632
         Punch             |     1 |     3 |     1 |       ||     5
         War axe           |       |    34 |       |       ||    34
 Invoke: Berserk           |       |     2 |     7 |    13 ||    22
         Trog's Hand       |       |     1 |       |     3 ||     4
  Evoke: Lightning rod     |       |       |       |     1 ||     1
    Use: Potion            |       |     2 |       |     7 ||     9
         Scroll            |       |       |     8 |    17 ||    25
   Stab: Distracted        |       |     1 |       |       ||     1
 Armour: Animal skin       |    12 |       |       |       ||    12
         Chain mail        |    41 |    70 |    35 |       ||   146
         Skin              |       |     7 |       |    17 ||    24
         Plate armour      |       |       |     9 |   156 ||   165
  Dodge: Dodged            |    51 |    63 |    44 |    55 ||   213
  Block: Other             |     5 |    34 |     8 |       ||    47
         Buckler           |       |       |    44 |   130 ||   174
         Reflection        |       |       |     1 |    12 ||    13

Table legend: (Time is in decaauts)
 A = Elapsed time spent in this place.
 B = Non-inter-level travel time spent in this place.
 C = Inter-level travel time spent in this place.
 D = Time resting spent in this place.
 E = Time spent auto-exploring this place.
 F = Levels seen in this place.
 G = Mean time per level.
                   A        B        C        D        E       F      G
               +--------+--------+--------+--------+--------+-----+--------+
         Total |  10057 |   9493 |    564 |   1259 |   6749 |  14 |  718.4 |
       Dungeon |  10012 |   9457 |    555 |   1259 |   6719 |  12 |  834.3 |
        Temple |     43 |     36 |      7 |      0 |     30 |   1 |   43.0 |
          Lair |      1 |      1 |      0 |      0 |      0 |   1 |    1.0 |
               +--------+--------+--------+--------+--------+-----+--------+

Top non-repeatable levels by time:
    D:11: 1519 daAuts
     D:4: 1242 daAuts
    D:10: 1123 daAuts
     D:9: 939 daAuts
     D:8: 838 daAuts
     D:7: 815 daAuts
     D:5: 734 daAuts
     D:2: 712 daAuts
     D:3: 687 daAuts
     D:1: 619 daAuts
     D:6: 490 daAuts
    D:12: 288 daAuts
  Temple: 43 daAuts
  Lair:1: 1 daAuts
